 Dungeon Crawl Stone Soup version 0.31.0-9-g3a7656b989 (webtiles) character file.

Game seed: 5015930969498137650

102 qw the Shooter (level 4, -1/22 HPs)
             Began as a Spriggan Hunter on Feb 2, 2024.
             Incinerated by a bombardier beetle (4 damage)
             ... with a burning spray
             ... on level 3 of the Dungeon.
             The game lasted 00:00:05 (1760 turns).

qw the Shooter (Spriggan Hunter)                    Turns: 1760, Time: 00:00:06

Health: -1/22      AC:  2    Str: 13    XL:     4   Next: 49%
Magic:  5/5        EV: 20    Int: 10    God:
Gold:   79         SH:  0    Dex: 20    Spells: 3/3 levels left

rFire   . . .        a - +1 shortbow
rCold   . . .        (shield currently unavailable)
rNeg    . . .        c - +0 robe
rPois   .            (helmet restricted)
rElec   .            (no cloak)
rCorr   .            (gloves unavailable)
SInv    +            (boots unavailable)
Will    .....        (no amulet)
Stlth   +            e - +6 ring of strength
HPRegen 0.23/turn    (no ring)
MPRegen 0.09/turn

%: no passive effects
@: on fire, glowing, very quick
A: very small, no large weapons, unfitting armour, see invisible, speed 3
a: no special abilities


You were on level 3 of the Dungeon.
You visited 1 branch of the dungeon, and saw 3 of its levels.

You collected 79 gold pieces.


Innate Abilities, Weirdness & Mutations

You are very small and have problems with some larger weapons.
You are too small for most types of armour.
You have supernaturally acute eyesight. (SInv)
You cover ground extremely quickly. (Speed+++)


   Skills:
 + Level 1.5 Fighting
 - Level 5.0 Ranged Weapons
 - Level 5.0 Dodging
 - Level 1.5 Stealth


You had 3 spell levels left.
You didn't know any spells.
Your spell library was empty.

Inventory:

Hand Weapons
 a - a +1 shortbow (weapon)
Armour
 c - a +0 robe (worn)
Jewellery
 e - a +6 ring of strength (left hand)
Wands
 b - a wand of paralysis (9)
Scrolls
 d - a scroll of enchant armour
Potions
 f - a potion of attraction {unknown}
 h - a potion of heal wounds {unknown}
 i - a potion of lignification {unknown}
 m - a potion of curing
 o - a potion of degeneration {unknown}

Dungeon Overview and Level Annotations

Branches:
Dungeon (3/15)

Altars:


Message History

Enter note: You shoot an arrow.
The arrow hits the kobold but does no damage.
The kobold shouts!
You shoot an arrow. The arrow closely misses the kobold.
You shoot an arrow. The arrow closely misses the kobold.
You shoot an arrow. The arrow misses the kobold.
You shoot an arrow. The arrow hits the kobold!
You kill the kobold!
You now have 79 gold pieces (gained 18).
Things that are here:
a +2 dagger of venom; a kobold corpse A bombardier beetle comes into view.
You shoot an arrow. The arrow hits the bombardier beetle.
The bombardier beetle is moderately wounded.
You shoot an arrow. The arrow hits the bombardier beetle.
The bombardier beetle is severely wounded.
The bombardier beetle sprays incendiary fluid at you.
The burning spray hits you.
You are covered in liquid fire!
You shoot an arrow.
The arrow hits the bombardier beetle but does no damage.
The bombardier beetle is severely wounded.
The liquid fire burns you!
You shoot an arrow.
The arrow closely misses the bombardier beetle.
The liquid fire burns you!
You shoot an arrow. The arrow hits the bombardier beetle.
The bombardier beetle is almost dead.
The liquid fire burns you!
The bombardier beetle sprays incendiary fluid at you.
The burning spray hits you.
You are even more covered in liquid fire!
You shoot an arrow. The arrow hits the bombardier beetle.
You kill the bombardier beetle!
The liquid fire burns you!
Your Dodging skill increases to level 5!
You are on fire!
The liquid fire burns you!
You die...

##~......##
#~......#
#~..)...#
##¤......#
###¤¤......#
~~¤¤.......#
¤¤¤¤.......#
..........##
.......@.##
..........%....
.........######
......####
#####. #. .. #


There were no monsters in sight!

Vanquished Creatures
  A bombardier beetle (D:3)
  An adder (D:3)
  2 ribbon worms
  3 dart slugs (D:1)
  An orc (D:3)
  5 endoplasms
  3 goblins
  3 hobgoblins
  6 jackals (D:1)
  3 kobolds
  2 quokkas (D:1)
  3 ball pythons (D:1)
  5 bats
  3 frilled lizards
  8 rats
49 creatures vanquished.

Notes
Turn   | Place    | Note
-------+----------+-------------------------------------------
     0 | D:1      | qw the Spriggan Hunter began the quest for the Orb.
     0 | D:1      | Reached XP level 1. HP: 10/10 MP: 2/2
     0 | D:1      | 0 ||| qw: Version: 0.3-a-155-g5e7d8dd
     0 | D:1      | 0 ||| qw: Game counter: 2664
     0 | D:1      | 0 ||| qw: Melee chars always use a shield: true
     0 | D:1      | 0 ||| qw: God list: Okawaru
     0 | D:1      | 0 ||| qw: Allow faded altars: false
     0 | D:1      | 0 ||| qw: Do Orc after clearing Dungeon:15 true
     0 | D:1      | 0 ||| qw: Do second Lair branch before Depths: true
     0 | D:1      | 0 ||| qw: Lair rune preference: random
     0 | D:1      | 0 ||| qw: Goals: Normal
     0 | D:1      | 0 ||| PLANNING D:1-11
    28 | D:1      | Reached skill level 3 in Dodging
    99 | D:1      | Found a faded altar of an unknown god.
   107 | D:1      | Reached XP level 2. HP: 14/14 MP: 3/3
   518 | D:1      | Reached XP level 3. HP: 18/18 MP: 4/4
   874 | D:1      | 874 ||| UPGRADING to +6 ring of strength.
   875 | D:1      | 875 ||| DROPPING +6 ring of intelligence.
   876 | D:1      | 876 ||| READING 2 scrolls labelled XUELUT PEFA.
   876 | D:1      | 876 ||| ENCHANTING +0 shortbow.
   877 | D:1      | 877 ||| READING scroll labelled GYLYC RIEDGHAR.
   881 | D:1      | 881 ||| READING scroll labelled EDE VOINAAN.
   881 | D:1      | 881 ||| ENCHANTING +0 shortbow.
   882 | D:1      | 882 ||| READING scroll labelled SENGOU SELAC.
   883 | D:1      | 883 ||| READING scroll labelled QIHEUJE ZEHUISCH.
   884 | D:1      | 884 ||| READING scroll labelled TEUTUMNARRUE.
   985 | D:1      | 985 ||| READING scroll labelled RENUIWN ATWIWN.
   986 | D:1      | 986 ||| DROPPING scroll of butterflies.
  1566 | D:2      | 1566 ||| READING scroll labelled TEDUFI JOBI.
  1567 | D:2      | 1567 ||| DRINKING 2 glowing clear potions.
  1686 | D:3      | Reached XP level 4. HP: 18/22 MP: 5/5
  1759 | D:3      | HP: 3/22 [burnt (5)]
  1760 | D:3      | Incinerated by a bombardier beetle

Levels and vault maps discovered:
D:1:      minmay_arrival_wavy_path, layout_basic,
          ebering_ecumenical_altar_sacrificial, minmay_misc_feat_ornament
D:2:      layout_loops_ring
D:3:      layout_loops_ring, minmay_strange_pillars, grunt_ministairs_3,
          kennysheep_decorative_pillar

Skill      XL: |  1  2  3  4 |
---------------+-------------+-----
Dodging        | 3 4 5 |  5.0
Ranged Weapons | 5 |  5.0
Fighting       | |  1.5
Stealth        | |  1.5

Action                     |  1- 3 |  4- 6 || total
---------------------------+-------+-------++-------
   Fire: Shortbow          |   122 |    15 ||   137
    Use: Scroll            |     8 |       ||     8
         Potion            |     1 |       ||     1
 Armour: Robe              |    15 |       ||    15
  Dodge: Dodged            |    42 |       ||    42

Table legend:
 A = Non-vault XP
 B = Vault XP
 C = Vault XP percentage of total XP
 D = Non-vault monster count
 E = Vault monster count
 F = Vault count percentage of total count
                 A         B        C        D         E       F
            +---------+---------+-------+---------+---------+-------
      Total |     144 |       2 |   1.4 |      47 |       2 |   4.1
            +---------+---------+-------+---------+---------+-------
        D:1 |      53 |       0 |   0.0 |      27 |       0 |   0.0
        D:2 |      18 |       0 |   0.0 |       9 |       0 |   0.0
        D:3 |      73 |       2 |   2.7 |      11 |       2 |  15.4
            +---------+---------+-------+---------+---------+-------
